 Dungeon Crawl Stone Soup version 0.19-a0-628-g9200b3b (webtiles) character file.

305 Ijustatesigmund the Vandal (level 6, 0/42 HPs)
             Began as a Halfling Hunter on June 13, 2016.
             Slain by an orc wizard
             ... wielding a +0 dagger
              (4 damage)
             ... on level 6 of the Dungeon.
             The game lasted 00:10:20 (3171 turns).

Ijustatesigmund the Vandal (Halfling Hunter)        Turns: 3171, Time: 00:10:21

Health: 0/42       AC:  6    Str: 12    XL:     6   Next: 67%
Magic:  6/6        EV: 19    Int: 10    God:
Gold:   84         SH:  0    Dex: 22    Spells: 0 memorised, 5 levels left

rFire  . . .     SeeInvis .     b - +0 short sword
rCold  . . .     Gourm    .     e - +0 ring mail
rNeg   . . .     Faith    .     (shield restricted)
rPois  .         Spirit   .     (no helmet)
rElec  .         Dismiss  .     l - +0 cloak
rCorr  .         Reflect  .     (no gloves)
SustAt .         Harm     .     (no boots)
MR     .....                    (no amulet)
Stlth  ++........               (no ring)
                                (no ring)

@: agile, not resistant to hostile enchantments, unstealthy
A: mutation resistance 1
a: no special abilities


You were on level 6 of the Dungeon.
You were not hungry.

You visited 1 branch of the dungeon, and saw 5 of its levels.

You collected 84 gold pieces.

Inventory:

Hand Weapons
 a - a +1 hunting sling
 b - a +0 short sword (weapon)
Missiles
 d - 26 sling bullets
 h - 103 stones (quivered)
Armour
 e - a +0 ring mail (worn)
 l - a +0 cloak (worn)
Scrolls
 m - a scroll of recharging
Potions
 j - a potion of mutation
Comestibles
 c - a beef jerky
 f - 7 bread rations
 i - 2 meat rations


   Skills:
 - Level 3.3 Fighting
 - Level 3.6 Short Blades
 + Level 7.3 Slings
 + Level 3.2 Armour
 - Level 2.1 Dodging
 - Level 1.1 Stealth


You had 5 spell levels left.
You didn't know any spells.

Dungeon Overview and Level Annotations

Branches:
Dungeon (7/15)
 Temple: D:4-7

Altars:
Cheibriados
Hepliaklqana

Annotations:
D:6 khekkus's ghost, amateur MiFi


Innate Abilities, Weirdness & Mutations

You are small and have problems with some larger weapons.
You are somewhat resistant to further mutation.


Message History

You are engulfed in a cloud of scalding steam.
* * * LOW HITPOINT WARNING * * *
The orc wizard hits you but does no damage.
The giant cockroach bites you but does no damage.
The orc wizard closely misses you.
You closely miss the giant cockroach.
The giant cockroach is engulfed in a cloud of scalding steam.
The giant cockroach dies!
The orc splashes around in the water.
The orc wizard splashes around in the water.
The worm completely misses you.
The orc wizard hits you but does no damage.
You see here a giant cockroach corpse.
You barely miss the worm.
You hear the brisk rusting of a drain.
The orc wizard barely misses you. The worm bites you!
* * * LOW HITPOINT WARNING * * *
Your unstable footing causes you to fumble your attack.
The orc wizard hits you with a dagger.
You die...

#****,*****,*,*,* # *,*
*,*,*,* # *,*******,***
#####,,,,,,,,,,,*
....#********,*,*
....#***** *,*,*
....#*,,,* ###,* ***
....#*,*,#*##≈######≈##
o...#*,,..,#≈≈oo@w≈≈≈≈#
....#**#.#*#≈o≈####≈≈≈#
o...# #[# ##≈##≈≈**≈##
########.####(#≈≈∩≈*≈*
oo..o.......#≈#≈≈≈≈*≈*
#####o.....##o##≈≈**≈**
# #......#≈≈≈#≈≈*≈≈≈* #
#......#≈(≈#≈≈≈≈≈≈*
#*######.####(##****≈**


You could see a worm, an orc wizard and 2 orcs.

Vanquished Creatures
  A giant frog (D:7)
  An orc wizard (D:3)
  A hound zombie (D:7)
  A hound skeleton (D:7)
  7 gnolls (D:2)
  2 adders
  A river rat (D:6)
  3 oozes
  2 dart slugs
  2 giant geckos
  4 orcs (D:3)
  4 bats
  3 giant cockroaches
  13 goblins
  5 hobgoblins
  7 kobolds
  2 ball pythons
  11 giant newts
  6 rats
76 creatures vanquished.

Vanquished Creatures (others)
  A giant cockroach (D:6)
1 creature vanquished.

Grand Total: 77 creatures vanquished

Notes
Turn   | Place    | Note
--------------------------------------------------------------
     0 | D:1      | Ijustatesigmund the Halfling Hunter began the quest for the Orb.
     0 | D:1      | Reached XP level 1. HP: 14/14 MP: 1/1
   113 | D:1      | Reached skill level 1 in Short Blades
   151 | D:1      | Reached XP level 2. HP: 19/19 MP: 2/2
   277 | D:1      | Reached XP level 3. HP: 25/25 MP: 3/3
   803 | D:2      | Reached XP level 4. HP: 20/30 MP: 4/4
  1446 | D:2      | Reached XP level 5. HP: 36/36 MP: 5/5
  1839 | D:2      | Reached skill level 6 in Slings
  1855 | D:2      | Reached skill level 1 in Armour
  2466 | D:3      | Found a snail-covered altar of Cheibriados.
  2528 | D:3      | Reached XP level 6. HP: 25/42 MP: 6/6
  2726 | D:3      | You fall through a shaft for 3 floors!
  2749 | D:6      | Found a hazy altar of Hepliaklqana.
  2750 | D:6      | Noticed khekkus's ghost (amateur MiFi)
  2759 | D:6      | Noticed a necrophage
  2997 | D:7      | Reached skill level 7 in Slings
  3171 | D:6      | Slain by an orc wizard

Vault maps used:
D:1:      evilmike_arrival_fibonacci_small
D:2:      serial_co_window_serial, co_window_paths_a, co_window_paths_a,
          co_window_paths_a, co_window_corner_a, co_window_corner_a,
          co_window_broadway_a, co_window_2corner, co_window_of_opportunity_c,
          co_window_sun, co_window_4corner_a, glass_columns_c, glass_columns_a
D:3:      cheibriados_altar_1, first_bread, hangedman_decor_peaks_small,
          grunt_ministairs_12
D:6:      wad_woods_stonehenge, grunt_qazlal_sundering, gup_sewer_entry_bubbles
D:7:      nicolae_overflow_hidden_temple, serial_park_tiny_2, st_stairs_3,
          the_bakery, uniq_pikel

Skill      XL: |  1  2  3  4  5  6 |
---------------+-------------------+-----
Fighting       | 2 3 |  3.3
Short Blades   | 1 2 3 |  3.6
Slings         | 6 7 |  7.3
Armour         | 2 3 |  3.2
Dodging        | |  2.1
Stealth        | |  1.1

Action                   |  1- 3 |  4- 6 || total
-------------------------+-------+-------++-------
Melee: Short sword       |       |    29 ||    29
 Fire: Hunting sling     |    81 |   170 ||   251
  Use: Scroll            |       |    11 ||    11
       Potion            |       |     4 ||     4
  Eat: Chunk             |       |     5 ||     5
       Beef jerky        |       |     1 ||     1
Armor: Ring mail         |     2 |    33 ||    35
Dodge: Dodged            |     6 |    85 ||    91
